 Dungeon Crawl Stone Soup version 0.28.0-47-ge53b351184 (webtiles) character file.

Game seed: 15792418240725161412

85 Exodus22XD the Chopper (level 4, -5/41 HPs)
             Began as a Hill Orc Monk on May 7, 2022.
             Slain by a gnoll
             ... wielding a +0 halberd
              (8 damage)
             ... on level 4 of the Dungeon.
             The game lasted 00:02:18 (3630 turns).

Exodus22XD the Chopper (Hill Orc Monk)              Turns: 3630, Time: 00:02:19

Health: -5/41      AC:  7    Str: 15    XL:     4   Next: 48%
Magic:  4/4        EV: 10    Int: 10    God:
Gold:   144        SH:  0    Dex: 13    Spells: 3/3 levels left

rFire   . . .      SeeInvis .   a - +0 hand axe
rCold   . . .      Faith    .   (no shield)
rNeg    . . .      Spirit   .   n - +0 scale mail
rPois   .          Reflect  .   h - +0 helmet
rElec   .          Harm     .   (no cloak)
rCorr   .          Rampage  .   (no gloves)
Will    .....                   (no boots)
Stlth   ..........              (no amulet)
HPRegen 0.13/turn               (no ring)
MPRegen 0.09/turn               (no ring)

@: no status effects
A: no striking features
a: no special abilities


You were on level 4 of the Dungeon.
You visited 1 branch of the dungeon, and saw 4 of its levels.

You collected 144 gold pieces.

Inventory:

Hand Weapons
 a - a +0 hand axe (weapon)
 g - a +0 whip of holy wrath
Missiles
 e - a throwing net (quivered)
Armour
 h - a +0 helmet (worn)
 n - a +0 scale mail (worn)
Scrolls
 c - 3 scrolls of teleportation {unknown}
 l - a scroll of fear {unknown}
Potions
 d - 3 potions of heal wounds {unknown}
 f - 4 potions of curing {unknown}
 i - a potion of degeneration {unknown}
 k - 2 potions of haste {unknown}
 m - a potion of magic {unknown}


   Skills:
 + Level 4.5 Fighting
 + Level 5.4 Axes
 * Level 1.9 Armour
 - Level 2.4 Dodging
 - Level 1.5 Stealth


You had 3 spell levels left.
You didn't know any spells.
Your spell library contained the following spells:

 Spells                   Type           Power      Damage    Failure   Level
 Chain Lightning          Conj/Air       0%         N/A       100%        9
 Fire Storm               Conj/Fire      0%         5d1       100%        9
 Shatter                  Erth           0%         3d5*      100%        9


Dungeon Overview and Level Annotations

Branches:
Dungeon (4/15)
 Temple: D:4-7

Altars:


Message History

The gnoll hits you with a +0 whip!
* * * LOW HITPOINT WARNING * * *
You barely miss the gnoll.
The gnoll is heavily wounded.
The gnoll barely misses you.
You closely miss the gnoll. Your punch misses the gnoll.
The gnoll is heavily wounded.
The gnoll hits you but does no damage.
You hit the gnoll but do no damage.
The gnoll is heavily wounded.
The gnoll hits you with a +0 whip.
* * * LOW HITPOINT WARNING * * *
You hit the gnoll but do no damage.
The gnoll is heavily wounded.
The gnoll barely misses you.
You hit the gnoll.
The gnoll is severely wounded.
The gnoll misses you.
You hit the gnoll.
The gnoll is almost dead.
The gnoll closely misses you.
You hit the gnoll.
You kill the gnoll!
You see here a +0 whip.
You start resting.
HP restored.
There is a stone staircase leading down here.
You climb downwards.
The gnoll closely misses you.
The gnoll hits you from afar with a +0 halberd! x2
There is a stone staircase leading up, spattered with blood here.
The gnoll closely misses you. The gnoll hits you with a +0 halberd.
You hit the gnoll.
The gnoll is moderately wounded.
You hit the gnoll but do no damage. The gnoll hits you with a +0 halberd.
The gnoll hits you with a +0 halberd!
* * * LOW HITPOINT WARNING * * *
You hit the gnoll.
The gnoll is moderately wounded.
You hit the gnoll. The gnoll hits you with a +0 halberd!
You die...

........# #.#.# #..g#####
#.#.# ##.## #.#.# ##.##
#.#.# #...######## #(#.#
....g.gg.g.# #.#.#
#....#####.# #.#.#####
##.#.# #.#####.<.....#
.#.#.#####....gg@.........
.#.#.#.........g..####.###
.#.#.#.##....###..# #
...............#..#
.).........#.#.#..#
..##.#>##.........#
..##.#.##......##.#
..##.#.##..........#
.....#.##.#...### .


You could see 2 gnolls and a hobgoblin.

Vanquished Creatures
  An iguana (D:4)
  A gnoll (D:3)
  An adder (D:2)
  A dart slug (D:1)
  2 orcs (D:3)
  4 endoplasms
  2 giant cockroaches
  2 goblins
  6 hobgoblins
  A quokka (D:1)
  6 ball pythons
  A frilled lizard (D:3)
  7 kobolds
  2 rats
37 creatures vanquished.

Notes
Turn   | Place    | Note
-------+----------+-------------------------------------------
     0 | D:1      | Exodus22XD the Hill Orc Monk began the quest for the Orb.
     0 | D:1      | Reached XP level 1. HP: 19/19 MP: 1/1
   289 | D:1      | Reached XP level 2. HP: 27/27 MP: 2/2
   584 | D:1      | Reached skill level 1 in Armour
  1071 | D:2      | Reached XP level 3. HP: 17/33 MP: 3/3
  2263 | D:3      | Found a faded altar of an unknown god.
  3007 | D:4      | Reached skill level 5 in Axes
  3007 | D:4      | Reached XP level 4. HP: 7/41 MP: 4/4
  3630 | D:4      | Slain by a gnoll

Illustrated notes

Levels and vault maps discovered:
D:1:      dpeg_arrival_erosion, layout_basic, columned_hall_lemuel,
          grunt_decor_arrowhead
D:2:      layout_basic
D:3:      layout_basic, shapermc_ecumenical_altar_venn
D:4:      layout_loops_ring, serial_shops, shop, st_stairs_6,
          chequers_serial_rivers_large_a

Skill      XL: |  1  2  3 |
---------------+----------+-----
Fighting       | 4 |  4.5
Armour         | 1 |  1.9
Axes           | 5 |  5.4
Dodging        | |  2.4
Stealth        | |  1.5

Action                   |  1- 3 |  4- 6 || total
-------------------------+-------+-------++-------
Melee: Hand axe          |   104 |    19 ||   123
       Punch             |     2 |       ||     2
 Stab: Sleeping          |     5 |       ||     5
Armor: Robe              |    18 |       ||    18
       Scale mail        |     2 |     7 ||     9
Dodge: Dodged            |    56 |    17 ||    73
